 Dungeon Crawl Stone Soup version 0.29.1-14-g9c671dbff4 (webtiles) character file.

Game seed: 9295833111081894938

856 Hrothgar the Chopper (level 8, -6/67 HPs)
             Began as a Meteoran Fighter on Feb 14, 2023.
             Was a Follower of Jiyva.
             Mangled by a hornet zombie (10 damage)
             ... in an ossuary.
             The game lasted 00:14:14 (2774 turns).

Hrothgar the Chopper (Meteoran Fighter)             Turns: 2774, Time: 00:14:15

Health: -6/67      AC:  9    Str: 18    XL:     8   Next: 46%
Magic:  9/9        EV: 10    Int: 11    God:    Jiyva [*.....]
Gold:   66         SH: 10    Dex: 20    Spells: 7/7 levels left

rFire   . . .      SeeInvis .   a - +1 war axe
rCold   . . .      Faith    .   k - +0 kite shield
rNeg    . . .      Spirit   .   b - +0 scale mail
rPois   .          Reflect  .   (no helmet)
rElec   .          Harm     .   (no cloak)
rCorr   .          Rampage  .   m - +1 pair of gloves
Will    +....                   (no boots)
Stlth   +.........              (no amulet)
HPRegen 1.01/turn               p - +6 ring of dexterity
MPRegen 0.36/turn               (no ring)

@: mighty, on berserk cooldown, slowed, glowing, very slow
A: sense surroundings 1, otherworldly, glowing, explore regen
a: Renounce Religion


You were in an ossuary.
You worshipped Jiyva.
Jiyva was aware of your devotion.
You visited 1 branch of the dungeon, and saw 5 of its levels.
You also visited: Sewer and Ossuary.

You collected 114 gold pieces.
You spent 48 gold pieces at shops.

Inventory:

Hand Weapons
 a - a +1 war axe (weapon)
Armour
 b - a +0 scale mail (worn)
 c - a +0 buckler
 k - a +0 kite shield (worn)
 m - a +1 pair of gloves (worn)
Jewellery
 o - a ring of flight
 p - a +6 ring of dexterity (left hand)
 u - an amulet of magic regeneration
 v - a ring of ice
Wands
 e - a wand of charming (12)
Scrolls
 n - a scroll of teleportation
 r - a scroll of fear
 t - a scroll of poison
Potions
 d - 2 potions of might
 f - 2 potions of flight
 g - a potion of brilliance {unknown}
 h - a potion of heal wounds {unknown}
 j - a potion of curing {unknown}
 l - a potion of mutation {unknown}
 q - a potion of cancellation {unknown}
 s - a potion of haste {unknown}


   Skills:
 * Level 4.6 Fighting
 * Level 6.6 Axes
 * Level 5.5 Armour
 * Level 3.1 Dodging
 * Level 2.1 Stealth
 * Level 4.9 Shields
 * Level 1.8 Evocations


You had 7 spell levels left.
You didn't know any spells.
Your spell library was empty.

Dungeon Overview and Level Annotations

Branches:
Dungeon (7/15) Zot: 511    Temple (0/1) D:4           Sewer (visited)
Ossuary (1/1) Zot: 453

Altars:
Hepliaklqana
Sif Muna
Zin

Shops:
D:4 *


Innate Abilities, Weirdness & Mutations

You passively map a small area around you.
You are easily found by Zot.
You glow in the dark.
You regain HP and MP as you explore.


Message History

Moving in this stuff is going to be slow.
You block the hornet zombie's attack.
The hornet zombie hits you but does no damage. x2
You hit the hornet zombie.
The hornet zombie is lightly damaged.
The hornet zombie hits you but does no damage.
You block the hornet zombie's attack.
You closely miss the hornet zombie.
The hornet zombie is lightly damaged.
The hornet zombie hits you. You block the hornet zombie's attack.
The hornet zombie hits you!
You slash the hornet zombie!
The hornet zombie is moderately damaged.
You block the hornet zombie's attack.
A water moccasin zombie comes into view.
The hornet zombie hits you but does no damage.
You hit the hornet zombie but do no damage.
The hornet zombie is moderately damaged.
You block the hornet zombie's attack.
The hornet zombie hits you but does no damage.
You block the hornet zombie's attack.
You feel very mighty all of a sudden. The hornet zombie hits you!
* * * LOW HITPOINT WARNING * * *
The hornet zombie hits you.
* * * LOW HITPOINT WARNING * * *
You slash the hornet zombie!
The hornet zombie is severely damaged.
The hornet zombie hits you.
* * * LOW HITPOINT WARNING * * *
The hornet zombie hits you!
* * * LOW HITPOINT WARNING * * *
You slash the hornet zombie!
The hornet zombie is almost destroyed.
You block the hornet zombie's attack. x2; The hornet zombie hits you.
* * * LOW HITPOINT WARNING * * *
You barely miss the hornet zombie.
The hornet zombie is almost destroyed.
The hornet zombie hits you!
You die...

*### #####
#.#,#.#.# # *
#+#'#+#'#'#'#+#
+.....~@~.....+
#.#####Z#####.#*
* +.#...#Z# *
#.'.∩.#~# , *
+.#..∩#.# ,*,',*
#.#####~#* * +.+
* +~',* #.# #~#*
** * '.#, ,#~#,
, ,


You could see a water moccasin zombie and a hornet zombie.

Vanquished Creatures
  A water moccasin (D:3)
  An orc warrior (D:4)
  A wyvern zombie (Ossuary)
  2 water moccasin zombies (Ossuary)
  2 bullfrog zombies (Ossuary)
  3 centaur zombies (Ossuary)
  3 jellies
  2 orc priests (D:3)
  4 mummies (Ossuary)
  4 adders
  A river rat (Sewer)
  A worm (Sewer)
  2 dart slugs
  3 orcs (D:3)
  4 ball pythons
  12 endoplasms
  10 giant cockroaches
  6 goblins
  2 hobgoblins
  3 kobolds
  8 quokkas
  2 bats (D:1)
  5 frilled lizards
  5 rats
87 creatures vanquished.

Vanquished Creatures (others)
  A water moccasin (D:7)
  A jelly (D:7)
  An iguana (D:4)
  A worm (D:4)
  An orc (D:4)
  5 plants (D:4)
  4 withered plants (Ossuary)
14 creatures vanquished.

Grand Total: 101 creatures vanquished

Notes
Turn   | Place    | Note
-------+----------+-------------------------------------------
     0 | D:1      | Hrothgar the Meteoran Fighter began the quest for the Orb.
     0 | D:1      | Reached XP level 1. HP: 19/19 MP: 2/2
   236 | D:1      | Reached XP level 2. HP: 25/26 MP: 3/3
   469 | D:1      | Reached XP level 3. HP: 31/31 MP: 4/4
   487 | D:1      | Glimpsed the power of Zot.
   531 | D:1      | Glimpsed the power of Zot.
   868 | D:2      | Reached skill level 3 in Axes
   900 | D:2      | Reached skill level 1 in Dodging
   900 | D:2      | Reached XP level 4. HP: 37/39 MP: 5/5
  1072 | D:2      | Glimpsed the power of Zot.
  1117 | D:2      | Glimpsed the power of Zot.
  1134 | D:3      | Reached skill level 1 in Stealth
  1139 | D:3      | Reached XP level 5. HP: 36/46 MP: 6/6
  1310 | D:3      | Noticed a water moccasin
  1321 | D:3      | Killed a water moccasin
  1322 | D:3      | Reached skill level 4 in Axes
  1322 | D:3      | Reached XP level 6. HP: 32/52 MP: 7/7
  1651 | D:3      | Glimpsed the power of Zot.
  1727 | D:4      | Found a staircase to the Ecumenical Temple.
  1743 | D:4      | Found a glowing silver altar of Zin.
  1792 | D:4      | Found a glowing drain.
  1834 | Sewer    | Entered a sewer
  2028 | Sewer    | Reached XP level 7. HP: 59/59 MP: 8/8
  2031 | Sewer    | Reached skill level 5 in Axes
  2034 | Sewer    | Found a viscous altar of Jiyva.
  2052 | Sewer    | Became a worshipper of Jiyva Jyxihi the Shapeless
  2152 | D:4      | HP: 2/88 [orc warrior/+0 scimitar (4)]
  2158 | D:4      | Reached skill level 5 in Armour
  2158 | D:4      | Reached skill level 1 in Evocations
  2403 | D:4      | Found Unoufru's General Store.
  2412 | D:4      | Bought a scroll of identify for 24 gold pieces
  2412 | D:4      | Bought a scroll of identify for 24 gold pieces
  2448 | D:4      | Found a hazy altar of Hepliaklqana.
  2470 | D:4      | Glimpsed the power of Zot.
  2512 | D:4      | You fall into a shaft and drop 3 floors!
  2559 | D:7      | Reached * piety under Jiyva
  2586 | D:7      | Found a shimmering blue altar of Sif Muna.
  2594 | D:7      | Killed a water moccasin
  2644 | D:7      | Found a sand-covered staircase.
  2659 | Ossuary  | Entered an ossuary
  2724 | Ossuary  | Reached skill level 6 in Axes
  2724 | Ossuary  | Reached XP level 8. HP: 67/67 MP: 9/9
  2773 | Ossuary  | HP: 1/67 [hornet zombie (6)]
  2774 | Ossuary  | Mangled by a hornet zombie

Illustrated notes

Levels and vault maps discovered:
D:1:      nzn_arrival_crosshair, layout_loops_cross, kennysheep_small_spiral,
          dk_noncrumbling_4
D:2:      layout_basic
D:3:      layout_loops_ring, chequers_ecumenical_altar_lobes
D:4:      layout_loops_ring, mainiacjoe_overflow_surrounded_room,
          kennysheep_mini, zin_scriptorium, minmay_temple_entry_gardened_gates,
          gup_sewer_entry_pipe, serial_shops, shop, st_stairs_13
D:7:      old_forge, layout_basic, lemuel_round_altar,
          nicolae_ossuary_entry_monument, corner_web_ring
Ossuary:  ossuary_zaba_flooded

Skill      XL: |  1  2  3  4  5  6  7  8 |
---------------+-------------------------+-----
Armour         | 4 5 |  5.5
Axes           | 3 4 6 |  6.6
Dodging        | 1 2 3 |  3.1
Stealth        | 1 2 |  2.1
Shields        | 4 |  4.9
Fighting       | 4 |  4.6
Evocations     | 1 |  1.8

Action                   |  1- 3 |  4- 6 |  7- 9 || total
-------------------------+-------+-------+-------++-------
Melee: War axe           |    65 |   123 |    98 ||   286
Evoke: Wand              |       |       |     2 ||     2
  Use: Scroll            |     3 |     5 |     2 ||    10
       Potion            |       |     1 |     3 ||     4
Armor: Scale mail        |    53 |    43 |    39 ||   135
       Skin              |       |       |     6 ||     6
Dodge: Dodged            |    20 |    38 |    31 ||    89
Block: Buckler           |    21 |       |       ||    21
       Kite shield       |       |    79 |    61 ||   140
